 Dungeon Crawl Stone Soup version 0.18.1-50-g88ac8fd (webtiles) character file.

28182 FloraKitsune the Slinger (level 13, -3/92 HPs)
             Began as a Halfling Arcane Marksman on Oct 7, 2016.
             Was the Champion of Okawaru.
             Slain by a jumping spider (16 damage)
             ... on level 6 of the Lair of Beasts.
             The game lasted 00:58:47 (22250 turns).

FloraKitsune the Slinger (HaAM)                    Turns: 22250, Time: 00:58:48

Health: -3/92      AC: 10    Str: 11    XL:     13   Next: 71%
Magic:  12/14      EV: 26    Int: 14    God:    Okawaru [******]
Gold:   1129       SH:  7    Dex: 19    Spells: 2 memorised, 11 levels left

rFire  + . .     SeeInvis .     G - +0 dagger (venom)
rCold  + . .     Gourm    .     w - +2 robe {MR+}
rNeg   . . .     Faith    .     p - +0 buckler
rPois  .         Spirit   .     a - +2 hat {MR+}
rElec  .         Dismiss  .     m - +1 cloak
rCorr  .         Reflect  .     T - +1 pair of gloves
SustAt .         Harm     .     (no boots)
MR     ++...                    y - amulet of regeneration
Stlth  +++++.....               B - ring of protection from fire
                                N - ring of Beauty {+Blink rC+ Int+2}

@: lethally poisoned (-3 -> -5), very resistant to hostile enchantments, quite
stealthy
A: mutation resistance 1
a: Heroism, Finesse, Renounce Religion, Evoke Blink


You were on level 6 of the Lair of Beasts.
You worshipped Okawaru.
Okawaru was exalted by your worship.
You were near starving.

You visited 3 branches of the dungeon, and saw 17 of its levels.
You also visited: Volcano.

You collected 1129 gold pieces.

Inventory:

Hand Weapons
 G - a +0 dagger of venom (weapon)
 V - a +1 hunting sling of velocity
Missiles
 d - 246 sling bullets
 C - 78 stones (quivered)
Armour
 a - a +2 hat of magic resistance (worn)
 e - a +3 leather armour of fire resistance
 m - a +1 cloak (worn)
 p - a +0 buckler (worn)
 w - a +2 robe of magic resistance (worn)
 T - a +1 pair of gloves (worn)
Jewellery
 b - an uncursed amulet of guardian spirit {unknown}
 y - an amulet of regeneration (around neck)
 B - a ring of protection from fire (right hand)
 D - an uncursed ring of sustain attributes
 E - an uncursed ring of protection from magic
 H - an uncursed ring of see invisible
 I - an uncursed amulet of faith {unknown}
 K - an uncursed amulet of harm {unknown}
 N - the ring of Beauty (left hand) {+Blink rC+ Int+2}
   (You found it on level 3 of the Lair of Beasts)

   [ring of protection from cold]

   It affects your intelligence (+2).
   It protects you from cold.
   It lets you blink.
Wands
 P - a wand of digging (24/24)
Scrolls
 g - 3 scrolls of enchant weapon
 k - 5 scrolls of remove curse
 l - a scroll of fear {unknown}
 o - a scroll of silence {unknown}
 q - 7 scrolls of teleportation
 t - a scroll of recharging
 A - 2 scrolls of enchant armour
 J - 3 scrolls of amnesia
 Q - 2 scrolls of blinking {unknown}
 Y - a scroll of summoning
Potions
 i - 2 potions of haste
 n - 5 potions of curing
 r - a potion of resistance
 s - 5 potions of heal wounds
 u - 3 potions of brilliance
 x - a potion of magic
 F - a potion of cancellation
 L - 4 potions of might
 S - 2 potions of agility {unknown}
 U - 3 potions of degeneration {unknown}
 W - a potion of cure mutation {unknown}
 X - a potion of invisibility {unknown}
 Z - a potion of lignification
Books
 c - a book of Debilitation

   Spells                             Type                      Level
   a - Corona                         Hexes                        1
   b - Slow                           Hexes                        2
   c - Gell's Gravitas                Hexes/Translocation          3
   d - Inner Flame                    Hexes/Fire                   3
   e - Cause Fear                     Hexes                        4
   f - Leda's Liquefaction            Hexes/Earth                  4
Comestibles
 f - 13 bread rations
 h - a meat ration
 j - 6 beef jerkies
 v - 4 slices of pizza
 z - 15 fruits


   Skills:
 - Level 10.0 Fighting
 - Level 14.1 Slings
 - Level 12.2 Dodging
 + Level 8.5 Stealth
 - Level 7.7 Shields
 - Level 1.0 Spellcasting
 + Level 7.8 Hexes


You had 11 spell levels left.
You knew the following spells:

 Your Spells              Type           Power        Failure   Level  Hunger
a - Corona                Hex            ###....      1%          1    ##.....
b - Slow                  Hex            ###.....     1%          2    ###....


Dungeon Overview and Level Annotations

Branches:
Dungeon (10/15)            Temple (1/1) D:6            Lair (6/8) D:10
  Swamp (0/4) Lair:4
  Snake: Lair:3-6    Spider: Lair:3-6     Slime: Lair:6-8       Orc: D:9-12

Altars:
Ashenzari
Cheibriados
Dithmenos
Elyvilon
Fedhas
Gozag
Kikubaaqudgha
Makhleb
Nemelex Xobeh
Okawaru
Pakellas
Qazlal
Ru
Sif Muna
Trog
Vehumet
Xom
Yredelemnul
Zin
The Shining One

Annotations:
D:4 HopefulHyena's ghost, amateur DsBe
D:8 Psyche
D:10 Maud
Lair:1 Gastronok
Lair:3 Snorg; Sonja
Lair:4 Harold
Lair:5 exclusion: oklob plant, Rupert


Innate Abilities, Weirdness & Mutations

You are small and have problems with some larger weapons.
You are somewhat resistant to further mutation.


Message History

The jumping spider bites you but does no damage.
The jumping spider misses you. The jumping spider barely misses you.
You disentangle yourself.
You feel sick.
The jumping spider completely misses you. x2
You feel sick.
You barely miss the jumping spider.
The jumping spider is lightly wounded.
You feel sick. You block the jumping spider's attack.
The jumping spider bites you but does no damage.
The jumping spider pounces on you!
* * * LOW HITPOINT WARNING * * *
The jumping spider misses you.
You feel sick. The jumping spider misses you.
The jumping spider barely misses you.
Things that are here:
a river rat corpse x2
You completely miss the jumping spider.
The jumping spider is heavily wounded.
The jumping spider pounces on you!
You die... ##P.P.#.#..#.# PPP..P

##.%......... .P...P #
####...#....... .P.... #..
#....####..##..##....P ...
##...###..##..#.......
#..###../.##...##.....P##.
##..#P..^^##.....#...#.##P.
##...P..#..##.......P...#...
#.........s@..........#...#.
#...P...P..†.........##....#
.....PP....†......#...#.##...
..................#...#####..
.?...##................# ###
..... ###.P>..#....#P.## #
.P..# #.###.########.# ## ##
### ###


You could see a jumping spider.

Vanquished Creatures
  Fannar (Lair:1)
  2 hydras
  A lindwurm (Volcano)
  3 griffons
  3 elephants
  2 molten gargoyles (Volcano)
  7 black mambas
  Joseph (Lair:1)
  2 gargoyles (Volcano)
  5 spiny frogs
  3 komodo dragons (Lair:4)
  A troll (D:9)
  5 blink frogs
  3 slime creatures (D:10)
  A spriggan (D:7)
  A redback (Lair:6)
  3 fire bats (Lair:5)
  Eustachio (D:4)
  3 basilisks
  2 wyverns
  4 hippogriffs
  33 yaks
  3 fire elementals (Volcano)
  6 porcupines
  10 water moccasins
  3 sky beasts
  2 black bears
  3 orc warriors
  4 phantoms
  An ice beast (D:8)
  6 wolves (Lair:3)
  5 necrophages (D:8)
  4 ogres
  3 centaurs
  12 crocodiles
  2 big kobolds
  Blork the orc (D:4)
  8 giant frogs
  2 water moccasin zombies
  3 scorpions
  3 killer bees (D:9)
  An electric eel (Lair:1)
  5 howler monkeys (D:7)
  A wasp zombie (D:8)
  4 crimson imps
  3 jellies
  3 hounds
  Crazy Yiuf (D:4)
  A centaur skeleton (D:7)
  5 orc priests
  10 orc wizards
  7 iguanas
  Ijyb (D:2)
  7 worker ants
  2 hound skeletons
  A howler monkey zombie (D:9)
  A howler monkey skeleton (D:9)
  6 adders
  3 gnolls (D:2)
  65 river rats
  A shadow imp (D:6)
  An ooze (D:1)
  5 adder skeletons
  A dart slug (D:2)
  2 giant geckos
  40 orcs
  7 giant cockroaches
  8 goblins
  9 hobgoblins
  15 jackals
  19 kobolds
  2 quokkas
  A ball python (D:3)
  11 bats
  6 giant newts
  A jackal skeleton (D:4)
  A quokka zombie (D:6)
  6 rats
  A fungus (Lair:5)
432 creatures vanquished.

Vanquished Creatures (others)
  An orc priest (D:7)
  3 orcs (D:7)
  A quokka (D:7)
  A bush (D:8)
  2 fire vortices (Volcano)
  15 fungi
  12 plants
35 creatures vanquished.

Grand Total: 467 creatures vanquished

Notes
Turn   | Place    | Note
--------------------------------------------------------------
     0 | D:1      | FloraKitsune the Halfling Arcane Marksman began the quest for the Orb.
     0 | D:1      | Reached XP level 1. HP: 12/12 MP: 2/2
   190 | D:1      | Reached XP level 2. HP: 18/18 MP: 3/3
   753 | D:1      | Learned a level 2 spell: Slow
   759 | D:1      | Reached XP level 3. HP: 22/22 MP: 4/4
  1271 | D:2      | Noticed Ijyb
  1712 | D:2      | Reached XP level 4. HP: 25/27 MP: 5/5
  2130 | D:2      | Found an iron altar of Okawaru.
  2162 | D:2      | Became a worshipper of Warmaster Okawaru
  2269 | D:2      | Killed Ijyb
  2269 | D:2      | Reached skill level 4 in Slings
  2306 | D:2      | Reached skill level 5 in Slings
  2306 | D:2      | Reached XP level 5. HP: 32/32 MP: 6/6
  2780 | D:3      | Reached skill level 6 in Slings
  3104 | D:3      | Noticed a black bear
  3155 | D:3      | Killed a black bear
  3155 | D:3      | Reached skill level 7 in Slings
  3155 | D:3      | Reached XP level 6. HP: 29/37 MP: 4/7
  3303 | D:4      | Noticed Blork the orc
  3327 | D:4      | Killed Blork the orc
  3327 | D:4      | Reached * piety under Okawaru
  3327 | D:4      | Reached skill level 8 in Slings
  3442 | D:4      | Reached skill level 1 in Fighting
  3640 | D:4      | Reached XP level 7. HP: 32/43 MP: 4/8
  3723 | D:4      | Noticed Eustachio
  3939 | D:4      | Reached skill level 9 in Slings
  4009 | D:4      | Noticed HopefulHyena's ghost (amateur DsBe)
  4343 | D:4      | Killed Eustachio
  4472 | D:4      | Noticed Crazy Yiuf
  4498 | D:4      | Killed Crazy Yiuf
  4895 | D:5      | Entered Level 5 of the Dungeon
  5062 | D:5      | Reached XP level 8. HP: 50/50 MP: 9/9
  5278 | D:5      | Reached skill level 10 in Slings
  5345 | D:5      | Found a white marble altar of Elyvilon.
  5820 | D:5      | Reached ** piety under Okawaru
  6239 | D:6      | Reached skill level 11 in Slings
  6639 | D:6      | Found a bloodstained altar of Trog.
  6775 | D:6      | Found a staircase to the Ecumenical Temple.
  6791 | Temple   | Entered the Ecumenical Temple
  6925 | D:6      | Reached XP level 9. HP: 57/57 MP: 10/10
  7387 | D:6      | Found a burning altar of Makhleb.
  7506 | D:7      | Reached skill level 5 in Dodging
  7930 | D:7      | Reached skill level 12 in Slings
  8003 | D:7      | Found a basalt altar of Yredelemnul.
  8005 | D:7      | Found a stormy altar of Qazlal.
  8159 | D:7      | Reached skill level 1 in Shields
  8225 | D:7      | Reached *** piety under Okawaru
  8714 | D:8      | Reached skill level 5 in Fighting
  8913 | D:8      | Found a blossoming altar of Fedhas.
  9053 | D:8      | Reached XP level 10. HP: 56/66 MP: 9/11
  9100 | D:8      | Noticed Psyche
  9402 | D:8      | Reached **** piety under Okawaru
  9402 | D:8      | Received a gift from Okawaru
  9514 | D:8      | Found an opulent altar of Gozag.
  9903 | D:8      | Reached skill level 5 in Shields
 11320 | D:9      | Reached XP level 11. HP: 69/74 MP: 12/12
 11461 | D:9      | Found a deep blue altar of Sif Muna.
 11515 | D:10     | Entered Level 10 of the Dungeon
 11673 | D:10     | Reached ***** piety under Okawaru
 12270 | D:10     | Noticed Maud
 12396 | D:10     | Found a staircase to the Lair.
 12396 | D:10     | Noticed an elephant
 12477 | D:10     | Killed an elephant
 12477 | D:10     | Received a gift from Okawaru
 12600 | Lair:1   | Entered Level 1 of the Lair of Beasts
 12601 | Lair:1   | Noticed Joseph
 12623 | Lair:1   | Killed Joseph
 12623 | Lair:1   | Reached skill level 10 in Dodging
 12623 | Lair:1   | Reached skill level 1 in Stealth
 12678 | Lair:1   | Noticed Fannar
 12751 | Lair:1   | Killed Fannar
 13241 | Lair:1   | Noticed Gastronok
 13505 | Lair:1   | Received a gift from Okawaru
 13547 | Lair:1   | Reached skill level 5 in Hexes
 14072 | Lair:1   | Received a gift from Okawaru
 14181 | Lair:1   | Reached XP level 12. HP: 51/84 MP: 9/13
 14776 | Lair:2   | Noticed an eight-headed hydra
 14909 | Lair:2   | Reached skill level 5 in Stealth
 16112 | Lair:3   | Noticed Sonja
 16225 | Lair:3   | Noticed Snorg
 17159 | Lair:2   | Killed an eight-headed hydra
 17209 | Lair:3   | Got a fine granite ring
 17512 | Lair:3   | Identified the ring of Beauty {+Blink rC+ Int+2} (You found it on level 3 of the Lair of Beasts)
 18168 | Lair:4   | Noticed Harold
 18417 | Lair:4   | Found a staircase to the Swamp.
 18524 | Lair:4   | Reached skill level 13 in Slings
 18640 | Lair:4   | Reached XP level 13. HP: 85/90 MP: 12/14
 19134 | Lair:4   | Received a gift from Okawaru
 19566 | Lair:4   | Received a gift from Okawaru
 19566 | Lair:4   | Reached ****** piety under Okawaru
 19651 | Lair:5   | Got a pair of spiked boots
 19699 | Lair:5   | Found a dark tunnel.
 19709 | Volcano  | Entered a volcano
 20263 | Lair:5   | Identified the -5 pair of boots of Hairiness {*Confuse rElec Dex+2} (You found it on level 5 of the Lair of Beasts)
 20477 | Lair:5   | Noticed Rupert
 20816 | Lair:5   | Noticed a five-headed hydra
 20839 | Lair:5   | Killed a five-headed hydra
 21007 | Lair:5   | Received a gift from Okawaru
 21519 | Lair:5   | Reached skill level 14 in Slings
 21708 | Lair:6   | Received a gift from Okawaru
 21949 | Lair:6   | Reached skill level 10 in Fighting
 22250 | Lair:6   | Slain by a jumping spider

Skill      XL: |  1  2  3  4  5  6  7  8  9 10 11 12 13 |
---------------+----------------------------------------+-----
Hexes          | 3 4 5 6 7 |  7.8
Slings         | 5 7 8 9 11 12 13 14 | 14.1
Fighting       | 1 2 3 5 6 8 9 10 | 10.0
Dodging        | 3 4 6 8 10 11 12 | 12.2
Shields        | 3 6 7 |  7.7
Stealth        | 3 7 8 |  8.5
Spellcasting   | |  1.0

Action                   |  1- 3 |  4- 6 |  7- 9 | 10-12 | 13-15 || total
-------------------------+-------+-------+-------+-------+-------++-------
Melee: Dagger            |    10 |    20 |   250 |   895 |   303 ||  1478
       Hunting sling     |       |       |       |     1 |       ||     1
 Fire: Hunting sling     |   102 |   226 |   495 |  1028 |   417 ||  2268
Throw: Stone             |       |       |       |     1 |     1 ||     2
 Cast: Corona            |     1 |     8 |    16 |    18 |     7 ||    50
       Slow              |       |     7 |    19 |    48 |    20 ||    94
Invok: Heroism           |       |       |       |     4 |     1 ||     5
 Abil: Evoke Blink       |       |       |       |       |     6 ||     6
  Use: Potion            |       |     3 |     2 |     6 |     3 ||    14
       Scroll            |       |     2 |     5 |     3 |     7 ||    17
 Stab: Sleeping          |     1 |       |     3 |     5 |     2 ||    11
  Eat: Chunk             |     2 |     7 |    19 |    22 |    10 ||    60
       Bread ration      |       |       |       |     3 |       ||     3
       Fruit             |       |       |       |     1 |     1 ||     2
       Royal jelly       |       |       |       |       |     1 ||     1
Armor: Robe              |     2 |     4 |    78 |   105 |    48 ||   237
       Leather armour    |       |    18 |    12 |       |     7 ||    37
       Skin              |       |       |       |    29 |     6 ||    35
Dodge: Dodged            |    35 |   101 |   342 |  1094 |   415 ||  1987
Block: Buckler           |       |       |       |   317 |   168 ||   485
